 Dungeon Sprint DCSS version 0.14-a0-3520-g290746a (webtiles) character file.

511 BluebellGnoll the Jinx (level 6, -15/28 HPs)
             Began as a Spriggan Enchanter on Mar 27, 2014.
             Demolished by Menkaure (22 damage)
             ... in the Dungeon (Sprint II: "The Violet Keep of Menkaure").
             The game lasted 00:01:19 (49 turns).

BluebellGnoll the Jinx (Spriggan Enchanter)           Turns: 49, Time: 00:01:20

HP -15/28        AC  3     Str  4      XL: 6   Next:  1%
MP  13/22        EV 22     Int 19      God:
Gold 243         SH  0     Dex 16      Spells:  1 memorised, 16 levels left

rFire  . . .     SeeInvis +     a - +1 dagger
rCold  . . .     Clarity  .     b - +1 robe
rNeg   . . .     Conserve .     (shield restricted)
rPois  .         rCorr    .     (helmet restricted)
rElec  .         rRot     .     (no cloak)
SustAb . .       Spirit   .     (gloves unavailable)
rMut   .         Warding  .     (boots unavailable)
Saprov . . .     NoTele   +     (no amulet)
MR     +....                    (no ring)
                                (no ring)

@: exhausted, very slightly contaminated, hasted, very quick, somewhat resistant
to hostile enchantments, very stealthy
A: unfitting armour, see invisible, herbivore 3, speed 3, slow metabolism 2
a: no special abilities


You were in the Dungeon.
You were not hungry.

You visited 1 branch You collected 243 gold pieces.

Inventory:

Hand weapons
 a - a +1,+1 dagger (weapon)
Missiles
 d - 12 darts (quivered)
Armour
 b - a +1 robe (worn)
Comestibles
 j - a chunk of hippogriff flesh
Scrolls
 k - a scroll of blinking
Potions
 e - a potion of porridge
 f - a potion of curing
 g - a potion of heal wounds
 i - 2 potions of magic
Books
 c - a book of Maledictions

   Spells                             Type                      Level
   *Corona                            Hexes                        1
   Sure Blade                         Hexes/Charms                 2
   Ensorcelled Hibernation            Hexes/Ice                    2
   Confuse                            Hexes                        3
   Enslavement                        Hexes                        4
   Invisibility                       Hexes                        6


   Skills:
 + Level 2.6 Short Blades
 + Level 1.1 Throwing
 + Level 7.3 Dodging
 + Level 6.7 Stealth
 + Level 6.4 Spellcasting
 + Level 11.5 Hexes


You had 16 spell levels left.
You knew the following spells:

 Your Spells              Type           Power        Failure   Level  Hunger
a - Corona                Hex            ######.      1%          1    None


Dungeon Overview and Level Annotations

Branches:
Dungeon (1/1)

Altars:

Annotations:
D Menkaure


Innate Abilities, Weirdness & Mutations

You are tiny and cannot use many weapons and most armour.
You have supernaturally acute eyesight.
You are a herbivore.
You cover ground extremely quickly.
You need consume almost no food.


Message History

You hit Menkaure.
Menkaure is lightly damaged.
You feel yourself speed up.
Menkaure calls on the powers of darkness!
Your body is wracked with pain!
* * * LOW HITPOINT WARNING * * *
You are too injured to fight recklessly!
You are too injured to fight recklessly!
You are too injured to fight recklessly!
You are too injured to fight recklessly!
You are too injured to fight recklessly!
You hit Menkaure.
Menkaure is lightly damaged.
You hit Menkaure but do no damage.
Menkaure is lightly damaged.
You barely miss Menkaure.
Menkaure is lightly damaged.
Menkaure hits you!
Ouch! That really hurt!
You die...

##+#
##@#.##
#M###.#
#
##.#.##
#a ##M##
#a.##.##
#+.<.+
#.a##.##
#a #+# #


You could see Menkaure.

Vanquished Creatures
  2 hippogriffs (D)
2 creatures vanquished.

Notes
Turn   | Place    | Note
--------------------------------------------------------------
     0 | D        | BluebellGnoll, the Spriggan Enchanter, began the quest for the Orb.
     0 | D        | Reached XP level 1. HP: 9/9 MP: 4/4
     1 | D        | Noticed a worker ant
     1 | D        | Noticed a worker ant
     1 | D        | Noticed a worker ant
     1 | D        | Noticed a worker ant
     4 | D        | Noticed a hippogriff
     4 | D        | Noticed a hippogriff
     9 | D        | Killed a hippogriff
     9 | D        | Reached skill level 5 in Dodging
     9 | D        | Reached skill level 5 in Stealth
     9 | D        | Reached skill level 9 in Hexes
     9 | D        | Reached XP level 2. HP: 13/13 MP: 5/10
     9 | D        | Reached XP level 3. HP: 16/16 MP: 6/13
     9 | D        | Reached XP level 4. HP: 21/21 MP: 7/16
    19 | D        | Killed a hippogriff
    19 | D        | Reached skill level 11 in Hexes
    19 | D        | Reached XP level 5. HP: 11/24 MP: 7/20
    19 | D        | Reached XP level 6. HP: 12/28 MP: 7/22
    39 | D        | Noticed Menkaure
    49 | D        | Demolished by Menkaure

Action                   |  1- 3 |  4- 6 || total
-------------------------+-------+-------++-------
Melee: Dagger            |     4 |    16 ||    20
  Use: Potion            |     1 |     1 ||     2
